 Dungeon Crawl Stone Soup version 0.31.0-12-g77e489cdc1 (webtiles) character file.

Game seed: 13523239338202365380

8258 hawla the Slicer (level 11, -5/86 HPs)
             Began as a Minotaur Fighter on Feb 18, 2024.
             Was an Initiate of Yredelemnul.
             Killed from afar by an efreet (30 damage)
             ... with a fireball
             ... on level 10 of the Dungeon.
             The game lasted 00:21:41 (8808 turns).

hawla the Slicer (Minotaur Fighter)                 Turns: 8808, Time: 00:21:42

Health: -5/86      AC: 13    Str: 21    XL:     11   Next: 7%
Magic:  12/12      EV: 10    Int:  5    God:    Yredelemnul [......]
Gold:   485        SH:  6    Dex: 14    Spells: 10/10 levels left

rFire   . . .        a - +1 long sword
rCold   . . .        c - +1 buckler
rNeg    . . .        x - +0 chain mail
rPois   .            (helmet restricted)
rElec   .            (no cloak)
rCorr   .            m - +0 pair of gloves
SInv    +            (no boots)
Will    .....        (no amulet) Stlth
                     h - +4 ring of slaying
HPRegen 0.34/turn    p - ring of see invisible
MPRegen 0.13/turn

%: no passive effects
@: slowed, very slow
A: horns 2, retaliatory headbutt
a: Renounce Religion, Recall Undead Harvest


You were on level 10 of the Dungeon.
You worshipped Yredelemnul.
Yredelemnul was noncommittal.
You visited 2 branches of the dungeon, and saw 11 of its levels.

You collected 555 gold pieces.
You spent 70 gold pieces at shops.

Inventory:

Hand Weapons
 a - a +1 long sword (weapon)
Missiles
 q - a curare-tipped dart
 s - 6 darts of dispersal
 y - 19 poisoned darts (quivered)
Armour
 c - a +1 buckler (worn)
 m - a +0 pair of gloves (worn)
 x - a +0 chain mail (worn)
Jewellery
 b - a +5 ring of evasion
 h - a +4 ring of slaying (left hand)
 p - a ring of see invisible (right hand)
 t - a ring of flight
 B - a ring of resist corrosion
Wands
 w - a wand of roots (11)
 z - a wand of acid (4)
 D - a wand of paralysis (4)
Scrolls
 i - 2 scrolls of fog
 k - a scroll of vulnerability
 l - 2 scrolls of teleportation
 o - a scroll of fear
 r - 2 scrolls of silence
 A - 3 scrolls of identify
 C - a scroll of blinking {unknown}
Potions
 d - a potion of might
 e - 2 potions of brilliance
 f - 4 potions of curing
 g - a potion of attraction
 j - 4 potions of mutation {unknown}
 n - 3 potions of haste {unknown}
 u - a potion of degeneration {unknown}
 v - a potion of lignification {unknown}
Miscellaneous
 E - a phantom mirror (inert)


   Skills:
 - Level 5.0 Fighting
 - Level 13.9(14.0) Short Blades
 - Level 2.4(10.1) Long Blades
 + Level 2.8 Throwing
 - Level 10.0 Armour
 - Level 5.0 Dodging
 - Level 5.0 Shields
 + Level 2.7 Invocations
 - Level 3.0 Evocations


You had 10 spell levels left.
You didn't know any spells.
Your spell library was empty.

Dungeon Overview and Level Annotations

Branches:
Dungeon (10/15)            Temple (1/1) D:7            Lair (0/5) D:9
    Orc (0/2) D:10

Altars:
Ashenzari
Cheibriados
Dithmenos
Elyvilon
Fedhas
Gozag
Hepliaklqana
Kikubaaqudgha
Makhleb
Nemelex Xobeh
Okawaru
Qazlal
Ru
Sif Muna
Trog
Uskayaw
Vehumet
Wu Jian
Xom
Yredelemnul
Zin
The Shining One

Shops:
D:2 ?(:(   D:6 (   D:9 [


Innate Abilities, Weirdness & Mutations

You have a pair of horns on your head.
You reflexively headbutt those who attack you in melee.


Message History

The efreet cries, "Help!"
Unknown command.
You swap places.
Your orc warrior zombie is engulfed in blazing flames.
Your orc warrior zombie is destroyed!
Cornered, the efreet turns to fight!
The efreet gestures at you.
The fireball explodes!
The fireball engulfs your gnoll sergeant zombie!!
Your gnoll sergeant zombie is destroyed!
The fireball engulfs the efreet.
The efreet completely resists.
The fireball engulfs your gnoll zombie!!
Your gnoll zombie is destroyed!
You hear a horrible gurgling sound!
Aiming: Fastroot
Press: ? - help, Shift-Dir - straight line The roots erupt in riotous growth!
Roots grab the efreet.
The grasping roots constrict the efreet.
The efreet struggles to escape constriction.
Unknown command.
Aiming: Corrosive Bolt
Press: ? - help, Shift-Dir - straight line, f - you
Okay, then.
The grasping roots constrict the efreet.
The roots release their grip on the efreet.
Items here: $ ) = [.
Aiming: Corrosive Bolt
Press: ? - help, Shift-Dir - straight line, f - efreet
Aim: an efreet, wielding a +1 scimitar of flaming (moderately wounded, 91% to hit)
The bolt of acid misses the efreet.
Aiming: Corrosive Bolt
Press: ? - help, Shift-Dir - straight line, f/p - efreet
Aim: an efreet, wielding a +1 scimitar of flaming (moderately wounded, 91% to hit)
The bolt of acid hits the efreet!
The acid corrodes the efreet!
The efreet is severely wounded.
The efreet gestures at you.
The fireball explodes!
The fireball engulfs you!!
You die...
Your body rises from the dead as a mindless zombie.

#......... (.........
#..#####'# #######+###
#..#.#.#.#.# ##.
#..##..... #.. ###
#..#....# #..##Z.
#..##○.☼# #.#ZZZ
#..')R# #)##. #..##.#
##....#.##
#..#.@###....##..##..#
#..##.).....######...#
#..#.#.#.#.#.#......##
#..## ## # #####'###
#..# #.).....# #..
#.#.))... [.. ..!
#.###Z... ## .. ..
##...#Z###
.#..#..#.+....##..


You could see an efreet (corroded).

Vanquished Creatures
  A centaur warrior (D:10)
  A two-headed ogre (D:8)
  The ghost of spaghetti the Shooter, an amateur DsHu of Ru (D:5)
  Prince Ribbit (D:5)
  Eustachio (D:4)
  A wraith (D:10)
  A vampire (D:10)
  A wyvern (D:9)
  A yak (shapeshifter) (D:10)
  5 yaks
  2 steam dragons
  A sky beast (D:8)
  2 orc warriors (D:10)
  An ogre (D:5)
  3 centaurs
  A phantom (D:7)
  Blork the orc (D:4)
  2 kobold brigands
  3 bullfrogs
  2 gnoll sergeants
  3 scorpions
  6 wights
  13 killer bees
  2 howler monkeys
  A hound (D:4)
  5 orc priests
  A gnoll bouda (D:9)
  4 jellies
  6 iguanas
  A sleepcap (D:6)
  7 orc wizards
  Robin (D:2)
  22 gnolls
  7 adders
  3 white imps
  3 dart slugs
  24 orcs
  6 ball pythons
  3 bats
  5 endoplasms
  5 giant cockroaches
  17 goblins
  6 hobgoblins
  4 jackals (D:4)
  20 kobolds
  5 quokkas
  3 frilled lizards
  4 rats
219 creatures vanquished.

Vanquished Creatures (collateral kills)
  A deep elf pyromancer (D:10)
  An orc sorcerer (D:10)
  A kobold demonologist (D:10)
  A yak (D:9)
  A centaur (D:9)
  A killer bee (D:9)
  2 orcs (D:10)
8 creatures vanquished.

Vanquished Creatures (others)
  2 yak zombies (D:9)
  2 centaur zombies
  4 killer bee zombies (D:9)
  4 gnoll zombies
  A kobold (D:5)
  14 orc zombies
27 creatures vanquished.

Grand Total: 254 creatures vanquished

Notes
Turn   | Place    | Note
-------+----------+-------------------------------------------
     0 | D:1      | hawla the Minotaur Fighter began the quest for the Orb.
     0 | D:1      | Reached XP level 1. HP: 19/19 MP: 0/0
   236 | D:1      | Reached XP level 2. HP: 27/27 MP: 1/1
   267 | D:1      | Reached skill level 1 in Dodging
   735 | D:2      | Found Rikef's Book Boutique.
   900 | D:2      | Reached XP level 3. HP: 33/33 MP: 2/2
   908 | D:2      | Found Hevot's Magic Scroll Emporium.
   937 | D:2      | Bought a scroll of identify for 20 gold pieces
   937 | D:2      | Bought a scroll of teleportation for 30 gold pieces
   937 | D:2      | Bought a scroll of identify for 20 gold pieces
  1009 | D:2      | Noticed Robin
  1039 | D:2      | Killed Robin
  1110 | D:2      | Found Udefamuw's Antique Weapon Shop.
  1235 | D:2      | Found Osuidud's Antique Weapon Shop.
  1321 | D:3      | Reached XP level 4. HP: 38/41 MP: 3/3
  1607 | D:3      | Reached skill level 5 in Fighting
  1608 | D:3      | Reached skill level 5 in Shields
  1608 | D:3      | Reached XP level 5. HP: 30/48 MP: 4/4
  1998 | D:4      | Noticed Eustachio
  2025 | D:4      | Killed Eustachio
  2026 | D:4      | Reached skill level 5 in Dodging
  2026 | D:4      | Reached XP level 6. HP: 35/56 MP: 5/5
  2312 | D:4      | Noticed Sigmund
  2313 | D:4      | Sigmund changed into Sigmund the centaur
  2313 | D:4      | Noticed Sigmund
  2318 | D:4      | Killed Sigmund the centaur
  2319 | D:4      | Reached skill level 5 in Armour
  2482 | D:4      | Noticed Blork the orc
  2493 | D:4      | Reached XP level 7. HP: 24/61 MP: 6/6
  2791 | D:4      | Killed Blork the orc
  2906 | D:4      | Found a burning altar of Makhleb.
  2920 | D:5      | Entered Level 5 of the Dungeon
  3144 | D:5      | Noticed Prince Ribbit
  3155 | D:5      | Killed Prince Ribbit
  3164 | D:5      | Reached XP level 8. HP: 37/68 MP: 7/7
  3497 | D:5      | Reached skill level 10 in Armour
  3497 | D:5      | Reached skill level 1 in Evocations
  3812 | D:5      | Noticed spaghetti's ghost (amateur DsHu)
  3814 | D:5      | Found a runed translucent gate.
  3815 | D:5      | Found a runed translucent gate.
  3815 | D:5      | Found a runed translucent gate.
  4046 | D:5      | Killed spaghetti's ghost
  4047 | D:5      | Reached skill level 1 in Short Blades
  4051 | D:5      | Reached skill level 2 in Short Blades
  4200 | D:6      | Reached skill level 3 in Short Blades
  4266 | D:6      | Found an opulent altar of Gozag.
  4371 | D:6      | Reached skill level 4 in Short Blades
  4451 | D:6      | Reached skill level 5 in Short Blades
  4752 | D:6      | Found Fozij's Firing Range.
  4820 | D:7      | Reached XP level 9. HP: 74/74 MP: 8/8
  4982 | D:7      | Reached skill level 6 in Short Blades
  5118 | D:7      | Found a staircase to the Ecumenical Temple.
  5131 | Temple   | Entered the Ecumenical Temple
  5591 | D:7      | Reached skill level 7 in Short Blades
  5735 | D:8      | Noticed a two-headed ogre
  5750 | D:8      | Killed a two-headed ogre
  5751 | D:8      | Reached skill level 8 in Short Blades
  5818 | D:8      | Reached skill level 9 in Short Blades
  5894 | D:8      | Found an ornate altar of the Wu Jian Council.
  5903 | D:8      | Found a basalt altar of Yredelemnul.
  5964 | D:8      | Became a worshipper of Yredelemnul the Dark
  6101 | D:8      | Found a hazy altar of Hepliaklqana.
  6135 | D:8      | Reached skill level 10 in Short Blades
  6135 | D:8      | Reached * piety under Yredelemnul
  6794 | D:9      | Reached XP level 10. HP: 45/81 MP: 9/9
  6812 | D:9      | Reached skill level 11 in Short Blades
  6820 | D:9      | Reached ** piety under Yredelemnul
  7057 | D:9      | Found Itowemab's Antique Armour Shoppe.
  7276 | D:9      | Reached skill level 12 in Short Blades
  7529 | D:9      | Found a bloodstained altar of Trog.
  7679 | D:9      | Found a staircase to the Lair.
  7906 | D:10     | Entered Level 10 of the Dungeon
  7908 | D:10     | Found a staircase to the Orcish Mines.
  8029 | D:10     | Identified the +1 robe "Nianurha" {Str+8}
  8042 | D:10     | Noticed a centaur warrior
  8052 | D:10     | Killed a centaur warrior
  8053 | D:10     | Reached skill level 13 in Short Blades
  8164 | D:10     | Noticed a deep elf pyromancer
  8166 | D:10     | Noticed an orc sorcerer
  8169 | D:10     | Noticed an orange demon
  8175 | D:10     | Killed an orc sorcerer
  8182 | D:10     | Killed a deep elf pyromancer
  8183 | D:10     | Reached skill level 1 in Throwing
  8183 | D:10     | Reached skill level 1 in Invocations
  8366 | D:10     | Reached *** piety under Yredelemnul
  8427 | D:10     | Noticed a deep elf pyromancer
  8427 | D:10     | Noticed a boulder beetle
  8427 | D:10     | Noticed a brown ugly thing
  8769 | D:10     | Reached XP level 11. HP: 83/86 MP: 11/11
  8788 | D:10     | Identified the ring "Dufouph" {rPois Dex+2}
  8808 | D:10     | Killed from afar by an efreet

Illustrated notes

Levels and vault maps discovered:
D:1:      zaba_arrival_water, layout_loops_ring, nicolae_titane
D:2:      layout_rooms, serial_shops, nicolae_shop_waterfront,
          nicolae_shop_getting_attention, shop, nicolae_shop_hallway_plus,
          uniq_robin
D:3:      layout_loops_ring, hangedman_feature_mirror,
          minmay_misc_feat_four_crosses
D:4:      layout_rooms, mainiacjoe_overflow_alcove_4, minmay_vboxes,
          uniq_sigmund, uniq_blork_the_orc, uniq_eustachio
D:5:      layout_loops_cross, gammafunk_ghost_nasty_kobolds, uniq_prince_ribbit1
D:6:      layout_basic, mainiacjoe_overflow_paths, nicolae_shop_firing_range
D:7:      layout_basic, minmay_temple_entry_antechambers
D:8:      layout_loops_ring, minitemple, lemuel_doored_altar,
          grunt_ministairs_11, lightli_orcish_oven
D:9:      layout_basic, mainiacjoe_overflow_surrounded_room, lair_entry_dummy,
          serial_glass, glass_columns_c, glass_columns_c, serial_shops,
          nicolae_shop_waterfront, serial_park_tiny_2, minmay_misc_feat_plants
D:10:     layout_basic, minmay_the_grid_2x2 [minmay_the_grid_tiny_cups,
          minmay_the_grid_fan, minmay_the_grid_tri_star,
          minmay_the_grid_prize_big_room]
Temple:   minmay_temple_bridge_d

Skill      XL: |  1  2  3  4  5  6  7  8  9 10 |
---------------+-------------------------------+-----
Dodging        | 1 2 5 |  5.0
Shields        | 4 5 |  5.0
Fighting       | 4 5 |  5.0
Armour         | 4 6 9 10 | 10.0
Evocations     | 3 |  3.0
Short Blades   | 5 10 13 | 13.9
Throwing       | 2 |  2.8
Invocations    | 2 |  2.7
Long Blades    | |  2.4

Action                     |  1- 3 |  4- 6 |  7- 9 | 10-12 || total
---------------------------+-------+-------+-------+-------++-------
  Melee: Long sword        |    85 |    59 |     2 |   148 ||   294
         Headbutt          |    13 |    16 |    50 |    39 ||   118
         Rapier            |       |    54 |   114 |       ||   168
         Short sword       |       |       |   114 |       ||   114
 Invoke: Recall Undead Har |       |       |       |     1 ||     1
         Dark Bargain      |       |       |       |     1 ||     1
  Evoke: Wand              |       |     1 |     1 |     8 ||    10
         Phantom mirror    |       |       |       |     1 ||     1
    Use: Scroll            |     5 |     1 |     6 |     3 ||    15
         Potion            |       |     1 |       |     1 ||     2
   Stab: Distracted        |       |       |       |     1 ||     1
 Armour: Scale mail        |    63 |    90 |   123 |       ||   276
         Chain mail        |       |       |    18 |   107 ||   125
  Dodge: Dodged            |    42 |    52 |   112 |    56 ||   262
  Block: Buckler           |    22 |    23 |    49 |    48 ||   142
